 Dungeon Crawl Stone Soup version 0.28-a0-43-g560ac104fe (webtiles) character file.

Game seed: 1785724621378369409

47541 Lekart the Warrior (level 14, 0/135 HPs)
             Began as a Green Draconian Chaos Knight on July 28, 2021.
             Was a Plaything of Xom.
             Splashed by an oklob plant's acid (13 damage)
             ... on level 6 of the Lair of Beasts.
             The game lasted 00:46:24 (18019 turns).

Lekart the Warrior (Green Draconian Chaos Knight)  Turns: 18019, Time: 00:46:25

Health: 0/135      AC: -7    Str: 19    XL:     14   Next: 8%
Magic:  23/23      EV: 18    Int: 16    God:    Xom [......]
Gold:   2203       SH:  0    Dex: 10    Spells: 22/25 levels left

rFire   . . .      SeeInvis .   D - +3 scimitar (flame)
rCold   . . .      Faith    .   (no shield)
rNeg    . . .      Spirit   .   (armour unavailable)
rPois   +          Reflect  .   (helmet restricted)
rElec   .          Harm     .   (no cloak)
rCorr   .          Rampage  .   p - +0 pair of gloves
Will    +....                   (no boots)
Stlth   +.........              h - amulet of regeneration
HPRegen 1.32/turn               l - +4 ring of evasion
MPRegen 0.18/turn               u - +4 ring of protection

@: corroded
A: breathe noxious fumes, AC +8, unfitting armour, stinger 1, poison resistance,
cold-blooded, fangs 2, horns 1, talons 2, clever 1, screaming 1, evolution 1,
MP-powered wands
a: Breathe Noxious Fumes, Renounce Religion


You were on level 6 of the Lair of Beasts.
You worshipped Xom.
You were a very special plaything of Xom.
You visited 3 branches of the dungeon, and saw 18 of its levels.

You collected 2203 gold pieces.

Inventory:

Hand Weapons
 a - a +0 falchion of chaos
 f - a +2 hunting sling of flaming
 D - a +3 scimitar of flaming (weapon)
 N - the +9 morningstar "Feuga" {protect, rN+}
   (You found it on level 3 of the Lair of Beasts)

   It grants its wielder temporary protection when it strikes (+7 to AC).
   rN:        It protects you from negative energy.
Missiles
 k - 481 stones
 t - 78 sling bullets
Armour
 p - a +0 pair of gloves (worn)
Jewellery
 b - a ring of see invisible
 e - a ring of resist corrosion
 h - an amulet of regeneration (around neck)
 i - a ring of protection from fire
 l - a +4 ring of evasion (left hand)
 u - a +4 ring of protection (right hand)
 I - a ring of positive energy
 J - a ring of positive energy
 K - a ring of magical power
 L - a +4 ring of protection
 O - a ring of protection from fire
Wands
 j - a wand of flame (28)
 s - a wand of iceblast (3)
 C - a wand of digging (2)
 E - a wand of paralysis (30)
Scrolls
 c - 4 scrolls of magic mapping
 n - 3 scrolls of fear
 q - 3 scrolls of fog
 r - 4 scrolls of enchant armour {unknown}
 v - 3 scrolls of enchant weapon {unknown}
 w - 12 scrolls of teleportation
 y - a scroll of vulnerability {unknown}
 A - 5 scrolls of blinking
 B - 3 scrolls of holy word
 F - a scroll of torment {unknown}
Potions
 d - 2 potions of heal wounds
 g - 2 potions of mutation
 m - 2 potions of resistance
 o - 3 potions of brilliance
 x - 2 potions of flight
 z - a potion of haste
 H - a potion of curing
Miscellaneous
 M - a lightning rod (2/4)


   Skills:
 * Level 15.0 Fighting
 + Level 14.2 Long Blades
 + Level 2.4 Maces & Flails
 + Level 9.2 Slings
 + Level 0.1(5.6) Throwing
 + Level 9.0 Dodging
 + Level 6.3 Spellcasting
 + Level 0.7 Conjurations
 + Level 6.2 Fire Magic
 + Level 3.1 Evocations


You had 22 spell levels left.
You knew the following spells:

 Your Spells              Type           Power      Damage    Failure   Level
a - Conjure Flame         Conj/Fire      16%        6-21      10%         3

Your spell library contained the following spells:

 Spells                   Type           Power      Damage    Failure   Level
 Animate Skeleton         Necr           10%        N/A       13%         1
 Apportation              Tloc           10%        N/A       13%         1
 Corona                   Hex            5%         N/A       13%         1
 Summon Small Mammal      Summ           20%        N/A       13%         1
 Static Discharge         Conj/Air       6%         N/A       17%         2
 Ignite Poison            Fire/Tmut/Pois 11%        N/A       17%         3
 Slow                     Hex            5%         N/A       21%         2
 Sticky Flame             Conj/Fire      16%        2d4       32%         4
 Mephitic Cloud           Conj/Pois/Air  5%         N/A       34%         3
 Stone Arrow              Conj/Erth      12%        3d7       34%         3
 Confusing Touch          Hex            5%         N/A       36%         3
 Vampiric Draining        Necr           2%         2d6       36%         3
 Dispel Undead            Necr           5%         3d7       78%         4
 Bolt of Magma            Conj/Fire/Erth 6%         4d6       82%         5
 Shatter                  Erth           2%         3d6*      100%        9


Dungeon Overview and Level Annotations

Branches:
Dungeon (11/15)            Temple (0/1) D:5            Lair (6/6) D:9
  Swamp (0/4) Lair:2        Snake (0/4) Lair:4        Slime (0/5) Lair:6
    Orc (1/2) D:9

Altars:
Dithmenos
Fedhas
Gozag
Ru
Uskayaw
Xom
Zin

Shops:
D:1 [

Annotations:
Lair:1 exclusion: 2 oklob plants
Lair:4 1 transporter, suicideKingZ's ghost, journeyman DjFE
Lair:6 exclusion: 2 oklob plants


Innate Abilities, Weirdness & Mutations

You can breathe blasts of noxious fumes.
Your lurid green scales are hard. (AC +8)
You cannot fit into any form of body armour.
Your tail ends in a poisonous barb.
Your system is resistant to poisons. (rPois)
You are cold-blooded and may be slowed by cold attacks.
You have extremely sharp teeth.
You have a pair of small horns on your head.
You have razor-sharp toenails.
Your mind is acute. (Int +2)
You occasionally shout uncontrollably at your foes.
You evolve.
You expend magic power (3 MP) to strengthen your wands.


Message History

The oklob plant spits acid at you. The splash of acid hits you.
You are splashed with acid!
You slash the oklob plant! You burn the oklob plant.
You claw the oklob plant, but do no damage.
The oklob plant is heavily damaged.
The oklob plant spits acid at you. The splash of acid hits you!
You are splashed with acid!
The oklob plant spits acid at you. The splash of acid misses you.
You slash the oklob plant! You burn the oklob plant.
You claw the oklob plant, but do no damage.
You headbutt the oklob plant, but do no damage.
The oklob plant is severely damaged.
The oklob plant spits acid at you. The splash of acid hits you.
The acid corrodes you!
You are splashed with acid!
You hit the oklob plant but do no damage.
You claw the oklob plant, but do no damage.
You headbutt the oklob plant.
You tail-slap the oklob plant, but do no damage.
The oklob plant is severely damaged.
You slash the oklob plant! You burn the oklob plant.
The oklob plant is almost destroyed.
You slash the oklob plant! You burn the oklob plant.
You destroy the oklob plant!
The oklob plant spits acid at you. The splash of acid hits you!
The acid corrodes you!
You are splashed with acid!
Your Fighting skill increases to level 15!
The oklob plant spits acid at you. The splash of acid misses you.
The oklob plant spits acid at you. The splash of acid hits you!
* * * LOW HITPOINT WARNING * * *
The acid corrodes you!
You are splashed with acid!
* * * LOW HITPOINT WARNING * * *
The oklob plant spits acid at you. The splash of acid hits you!
* * * LOW HITPOINT WARNING * * *
The acid corrodes you!
You are splashed with acid!
You die...
Xom snickers!

P...#.##..#...#...*,,,,,,,,,,,,,,
†.............#..#***,,,,,,,,,,,,
†................## **,,,,,*,,,,,
##..#.###.........# *,....,*,,,,,
#########........#* *.P..P.**,,*,
#.........####P....P******
#.....P....#.#P....#*
########......P†...........*
.#.##.#P...§.#..@..........*
..............#.#..........***
#.#..#....##.#####.....#.,,,,*
.####.#P.......###.}...#,,,,** ##
###P.PP....P##.)$.P#*,,,*
##...#b....#..$P=#,,,**
#........#.#$..$.#,*,*
##...PP.#.##..=$[#****
#.###############


You could see 2 oklob plants.

Vanquished Creatures
  8 hydras
  Erica (D:8)
  A centaur warrior (D:8)
  A two-headed ogre (D:6)
  5 death yaks
  Sonja (Lair:2)
  2 oklob plants (Lair:6)
  15 elephants
  8 black mambas
  2 centaur zombies
  A water nymph (Lair:5)
  2 rime drakes
  11 cane toads
  A torpor snail (Lair:5)
  7 komodo dragons
  A polar bear (Lair:4)
  2 hornets
  4 dream sheep (Lair:5)
  Sigmund (D:3)
  25 blink frogs
  A meliai zombie (D:10)
  2 shadows
  29 yaks
  A vampire (D:10)
  4 wyverns
  Grum (Lair:1)
  6 basilisks
  2 steam dragons
  2 acid dragons (D:10)
  5 swamp worms (Lair:2)
  4 nagas (Lair:4)
  9 water moccasins
  3 orc warriors (D:9)
  A sky beast (D:7)
  3 black bears
  2 necrophages
  An ice beast (D:5)
  19 wolves
  3 ogres
  5 centaurs
  3 phantoms
  2 kobold brigands (D:8)
  10 bullfrogs
  2 gnoll sergeants
  3 scorpions
  A water moccasin zombie (D:5)
  4 wights (D:9)
  6 killer bees
  A lava snake (Lair:6)
  An electric eel (Lair:4)
  3 howler monkeys
  2 bullfrog zombies (D:6)
  A gnoll shaman (D:8)
  4 jellies
  5 orc priests
  3 hounds
  A centaur skeleton (D:7)
  3 iguanas
  5 orc wizards
  9 hell rats
  2 howler monkey zombies
  Robin (D:2)
  6 adders
  14 gnolls
  5 river rats (Lair:5)
  2 shadow imps
  An ufetubus (D:5)
  4 worms
  3 dart slugs
  18 orcs
  5 ball pythons
  7 endoplasms
  16 giant cockroaches
  16 goblins
  14 hobgoblins
  7 jackals
  6 bats (D:1)
  7 frilled lizards
  20 kobolds
  5 rats
  2 butterflies
432 creatures vanquished.

Vanquished Creatures (collateral kills)
  A boulder beetle (Lair:2)
  A blink frog (Lair:1)
  A yak (Lair:5)
  A bullfrog (Lair:1)
  A scorpion (D:5)
  A goblin (D:3)
  A rat (Lair:5)
7 creatures vanquished.

Vanquished Creatures (others)
  A hydra (Lair:6)
  A sky beast (D:7)
  35 fungi
  57 plants
94 creatures vanquished.

Grand Total: 533 creatures vanquished

Notes
Turn   | Place    | Note
-------+----------+-------------------------------------------
     0 | D:1      | Lekart the Draconian Chaos Knight began the quest for the
                  | Orb.
     0 | D:1      | Reached XP level 1. HP: 19/19 MP: 1/1
   147 | D:1      | Reached XP level 2. HP: 18/27 MP: 2/2
   396 | D:1      | Reached skill level 4 in Fighting
   567 | D:1      | Found a faded altar of an unknown god.
   619 | D:1      | Found Muoface's Armour Shoppe.
   752 | D:1      | Reached XP level 3. HP: 31/33 MP: 3/3
   780 | D:1      | XOM: noise
  1270 | D:2      | Noticed Robin
  1454 | D:2      | XOM: silly message
  1622 | D:2      | Reached XP level 4. HP: 32/41 MP: 4/4
  1627 | D:2      | XOM: silly message
  1753 | D:2      | Killed Robin
  2525 | D:2      | Reached XP level 5. HP: 39/47 MP: 5/5
  2563 | D:2      | XOM: summons 4 hostile shadow creatures
  2621 | D:3      | XOM: confuse monster(s)
  2624 | D:3      | Reached skill level 5 in Fighting
  2683 | D:3      | Noticed Sigmund
  2687 | D:3      | XOM: noise
  3005 | D:3      | XOM: butterfly on damage
  3017 | D:3      | XOM: cast spell 'Summon Hydra'
  3019 | D:3      | Killed Sigmund
  3020 | D:3      | Reached skill level 5 in Long Blades
  3020 | D:3      | Reached XP level 6. HP: 36/56 MP: 6/6
  3078 | D:2      | XOM: god gift: club {god gift}
  3122 | D:2      | XOM: give mutation
  3122 | D:2      | Gained mutation: You have sharp toenails. [Xom's grace]
  3208 | D:3      | Found a hide-covered altar of Uskayaw.
  3221 | D:3      | Found a shimmering altar of Xom.
  3321 | D:3      | XOM: silly message
  4040 | D:4      | XOM: give mutations
  4040 | D:4      | Gained mutation: You have razor-sharp toenails. [Xom's
                  | grace]
  4040 | D:4      | Gained mutation: You have a pair of small horns on your
                  | head. [Xom's grace]
  4040 | D:4      | Gained mutation: You have very sharp teeth. [Xom's grace]
  4127 | D:4      | XOM: scenery: create altars
  4257 | D:4      | Reached skill level 1 in Slings
  4456 | D:4      | Reached skill level 6 in Fighting
  4465 | D:4      | Noticed a steam dragon
  4475 | D:4      | XOM: butterfly on damage
  4784 | D:4      | Your scales start taking on a lurid green colour.
  4784 | D:4      | Reached XP level 7. HP: 63/63 MP: 7/7
  4784 | D:4      | Gained mutation: Your system is resistant to poisons.
                  | (rPois) [Green Draconian growth]
  5037 | D:4      | XOM: fog
  5263 | D:4      | XOM: god gift: 49 gold pieces
  5323 | D:4      | Killed a steam dragon
  5324 | D:4      | XOM: cloud trail
  5421 | D:4      | Learned a level 3 spell: Conjure Flame
  5471 | D:5      | Entered Level 5 of the Dungeon
  5523 | D:5      | XOM: fake destruction
  5645 | D:5      | Found a staircase to the Ecumenical Temple.
  5666 | D:5      | XOM: cast spell 'Summon Mana Viper'
  5672 | D:5      | Reached skill level 1 in Fire Magic
  5683 | D:5      | XOM is BORED!
  5683 | D:5      | XOM: 3-stop teleportation journey
  5801 | D:5      | Reached skill level 1 in Spellcasting
  5801 | D:5      | Reached XP level 8. HP: 52/71 MP: 9/9
  5911 | D:5      | XOM: smoke on damage
  6198 | D:5      | Reached skill level 7 in Fighting
  6353 | D:5      | XOM: god gift: 20 sling bullets
  6592 | D:5      | XOM: scenery: 1 doors open
  6611 | D:5      | XOM: god gift: 1067 gold pieces
  6843 | D:5      | XOM: god gift: scale mail {god gift}
  7067 | D:6      | Noticed a manticore
  7086 | D:6      | Found a sacrificial altar of Ru.
  7149 | D:6      | XOM: swap monsters
  7286 | D:6      | Noticed a two-headed ogre
  7293 | D:6      | Killed a two-headed ogre
  7294 | D:6      | Reached skill level 5 in Slings
  7294 | D:6      | Reached XP level 9. HP: 81/81 MP: 10/12
  7912 | D:7      | Reached skill level 8 in Fighting
  8525 | D:7      | XOM: potion effect (might)
  9040 | D:7      | Found a shadowy altar of Dithmenos.
  9369 | D:8      | Noticed a centaur warrior
  9375 | D:8      | XOM: polymorph orc wizard -> rat
  9379 | D:8      | Killed a centaur warrior
  9380 | D:8      | Reached skill level 9 in Fighting
  9380 | D:8      | Reached skill level 1 in Evocations
  9380 | D:8      | Reached XP level 10. HP: 64/91 MP: 14/16
  9384 | D:8      | Reached skill level 5 in Dodging
  9428 | D:8      | XOM: 2-stop teleportation journey
  9429 | D:8      | Noticed Erica
  9436 | D:8      | Killed Erica
  9520 | D:8      | XOM: divination: magic mapping
  9849 | D:8      | XOM: blink monster(s)
  9862 | D:8      | Reached skill level 5 in Spellcasting
 10450 | D:8      | XOM: draining
 10558 | D:9      | XOM: cloud trail
 10669 | D:9      | Found an opulent altar of Gozag.
 10705 | D:9      | Noticed an elephant
 10726 | D:9      | Killed an elephant
 10727 | D:9      | Reached skill level 5 in Fire Magic
 10799 | D:9      | Found a staircase to the Lair.
 10799 | D:9      | XOM: summons 6 hostile demons
 10825 | D:9      | XOM: cast spell 'Summon Ice Beast'
 10839 | D:9      | Reached XP level 11. HP: 95/99 MP: 19/19
 10963 | D:9      | Reached skill level 10 in Fighting
 11061 | D:9      | XOM: enchant monster (bad)
 11092 | D:9      | XOM: god gift: potion of heal wounds
 11117 | D:9      | Found a staircase to the Orcish Mines.
 11472 | D:10     | Entered Level 10 of the Dungeon
 11767 | D:10     | XOM: 3-stop teleportation journey
 11825 | D:10     | XOM: summons friendly crimson imp
 12031 | D:10     | Found a glowing silver altar of Zin.
 12048 | D:10     | XOM: cast spell 'Necromutation'
 12551 | D:11     | Found the +7 great mace "Firestarter" {inner flame, rF++}
 12602 | D:10     | XOM: fog
 12709 | Orc:1    | Entered Level 1 of the Orcish Mines
 12709 | Orc:1    | Noticed an orc knight
 12709 | Orc:1    | Noticed an orc sorcerer
 12716 | D:9      | XOM: polymorph orc warrior -> killer bee
 12751 | Lair:1   | Entered Level 1 of the Lair of Beasts
 12781 | D:9      | XOM: confuse monster(s)
 12812 | Lair:1   | XOM: summons friendly quasit
 12875 | Lair:1   | XOM: silly message
 12987 | Lair:1   | XOM: silly message
 13054 | Lair:1   | XOM: noise
 13058 | Lair:1   | XOM: silly message
 13071 | Lair:1   | Reached skill level 11 in Fighting
 13071 | Lair:1   | Reached skill level 10 in Long Blades
 13195 | Lair:1   | Noticed Grum
 13218 | Lair:1   | Killed Grum
 13377 | Lair:1   | XOM: draining
 13450 | Lair:1   | Found a blossoming altar of Fedhas.
 13454 | Lair:1   | Noticed an oklob plant
 13455 | Lair:1   | Noticed an oklob plant
 13497 | Lair:2   | XOM: potion effect (might)
 13511 | Lair:2   | XOM: swap monsters
 13554 | Lair:2   | XOM: potion effect (curing)
 13560 | Lair:2   | XOM: summons friendly shadow imp
 13565 | Lair:2   | Reached XP level 12. HP: 85/106 MP: 21/21
 13671 | Lair:2   | Noticed a seven-headed hydra
 13679 | Lair:2   | XOM: noise
 13681 | Lair:2   | Killed a five-headed hydra
 13718 | Lair:2   | XOM: divination: magic mapping
 13719 | Lair:2   | Noticed a seven-headed hydra
 13725 | Lair:2   | XOM: summons 2 friendly demons
 13728 | Lair:2   | XOM: confuse monster(s)
 13729 | Lair:2   | Killed a two-headed hydra
 13735 | Lair:2   | Noticed a four-headed hydra
 13822 | Lair:2   | XOM: cast spell 'Death Channel'
 13839 | Lair:2   | XOM is BORED!
 13839 | Lair:2   | XOM: swap monsters
 13843 | Lair:2   | Reached skill level 12 in Fighting
 13866 | Lair:2   | XOM: destruction
 13871 | Lair:2   | XOM: summons friendly shadow imp
 13953 | Lair:2   | Noticed a boulder beetle
 13964 | Lair:2   | XOM: enchant monster (good)
 13976 | Lair:2   | XOM: confuse monster(s)
 13996 | Lair:2   | XOM: summons 12 friendly demons
 14009 | Lair:2   | XOM: cast spell 'Shadow Creatures'
 14012 | Lair:2   | Killed a boulder beetle
 14054 | Lair:2   | XOM: give mutations
 14054 | Lair:2   | Gained mutation: You expend magic power (3 MP) to
                  | strengthen your wands. [Xom's grace]
 14054 | Lair:2   | Gained mutation: You evolve. [Xom's grace]
 14054 | Lair:2   | Gained mutation: Your mind is acute. (Int +2) [Xom's grace]
 14068 | Lair:2   | XOM: give mutation
 14068 | Lair:2   | Gained mutation: You have extremely sharp teeth. [Xom's
                  | mischief]
 14376 | Lair:2   | Killed a one-headed hydra
 14542 | Lair:2   | Found a staircase to the Swamp.
 14940 | Lair:3   | Noticed Sonja
 14941 | Lair:3   | Noticed a death yak
 14953 | Lair:2   | Killed Sonja
 15082 | Lair:3   | XOM: enchant monster (good)
 15096 | Lair:3   | XOM: give mutation
 15096 | Lair:3   | Gained mutation: You occasionally shout uncontrollably at
                  | your foes. [Xom's mischief]
 15101 | Lair:3   | Reached skill level 13 in Fighting
 15129 | Lair:3   | XOM: 4-stop teleportation journey
 15133 | Lair:3   | XOM: confusion
 15153 | Lair:3   | Found a blossoming altar of Fedhas.
 15274 | Lair:3   | Noticed a death yak
 15274 | Lair:3   | Noticed a death yak
 15287 | Lair:3   | XOM: blink monster(s)
 15288 | Lair:3   | Noticed a death yak
 15296 | Lair:3   | XOM: scenery: create altars
 15308 | Lair:3   | Killed a death yak
 15309 | Lair:3   | Reached XP level 13. HP: 97/122 MP: 22/22
 15310 | Lair:3   | XOM: fake destruction
 15322 | Lair:3   | XOM: divination: magic mapping
 15340 | Lair:3   | Identified the +9 morningstar "Feuga" {protect, rN+}
 15362 | Lair:3   | XOM: silly message
 15415 | Lair:3   | XOM: cloud trail
 15762 | Lair:3   | XOM: confuse monster(s)
 15907 | Lair:3   | XOM: polymorph cane toad -> hornet
 15908 | Lair:3   | Reached skill level 1 in Maces & Flails
 16067 | Lair:4   | Found a staircase to the Snake Pit.
 16084 | Lair:4   | XOM: silly message
 16089 | Lair:4   | XOM: swap monsters
 16091 | Lair:4   | XOM: swap monsters
 16206 | Lair:4   | XOM: cleaving
 16231 | Lair:4   | Noticed suicideKingZ's ghost (journeyman DjFE)
 16256 | Lair:4   | XOM: blink monster(s)
 16303 | Lair:4   | Found a transporter.
 16346 | Lair:4   | XOM: fog
 16353 | Lair:4   | Reached skill level 14 in Fighting
 16354 | Lair:4   | XOM: divination: magic mapping
 16355 | Lair:4   | XOM: cast spell 'Leda's Liquefaction'
 16367 | Lair:4   | XOM: confusion
 16680 | Lair:4   | You fall into a shaft and drop 1 floor!
 16683 | Lair:5   | XOM: summons 5 friendly demons
 16703 | Lair:5   | XOM: polymorph torpor snail -> water nymph
 16712 | Lair:5   | XOM: divination: magic mapping
 16726 | Lair:5   | XOM: enchant monster (good)
 16830 | Lair:5   | XOM: 6-stop teleportation journey
 16883 | Lair:5   | XOM: god gift: 20 stones
 16902 | Lair:5   | XOM: summons friendly iron imp
 17431 | Lair:5   | XOM: scenery: create altars
 17527 | Lair:5   | XOM: divination: detect creatures
 17722 | Lair:6   | Entered Level 6 of the Lair of Beasts
 17765 | Lair:6   | XOM: 5-stop teleportation journey
 17766 | Lair:6   | Found a staircase to the Slime Pits.
 17773 | Lair:6   | XOM: scenery: summon butterflies
 17784 | Lair:6   | XOM: summons friendly crimson imp
 17799 | Lair:6   | XOM: divination: magic mapping
 17810 | Lair:6   | XOM: scenery: summon butterflies
 17816 | Lair:6   | XOM: enchant monster (good)
 17835 | Lair:6   | Gained mutation: Your tail ends in a poisonous barb. [Green
                  | Draconian growth]
 17835 | Lair:6   | Reached XP level 14. HP: 130/133 MP: 23/23
 17904 | Lair:6   | XOM: scenery: summon butterflies
 17915 | Lair:6   | XOM: scenery: summon butterflies
 17936 | Lair:6   | Found the +8 glaive of the Guard {elec, spectral, AC+5}
 17937 | Lair:6   | XOM: confusion
 18017 | Lair:6   | Reached skill level 15 in Fighting
 18019 | Lair:6   | Splashed by an oklob plant's acid

Illustrated notes

Levels and vault maps discovered:
D:1:      lightli_iron_boxes, layout_loops_ring,
          dreamdust_ecumenical_altar_angels_and_demons, serial_shops,
          nicolae_shop_behind_doors, chequers_serial_rivers_micro_e,
          minmay_pentomino_r4
D:2:      minmay_evil_eye, layout_basic, minmay_misc_feat_nine_boxes, uniq_robin
D:3:      minmay_roachtagon, layout_loops_ring,
          mainiacjoe_overflow_catwalk_spiral, uniq_sigmund
D:4:      minmay_chambers_of_fours, layout_basic
D:5:      layout_basic, minmay_temple_entry_butterflies, grunt_ministairs_15
D:6:      layout_basic, nicolae_ru_great_annihilating_truth,
          lightli_corner_chamber
D:7:      layout_basic, grunt_dithmenos_shadows
D:8:      layout_gridville, minmay_manual_moon, uniq_erica
D:9:      layout_basic, amcnicky_altar_gilded, david_lair_generic, orc_0_dummy
D:10:     layout_long_grid, mainiacjoe_overflow_chevrons, minmay_liquid_box
D:11:     layout_rooms, minmay_three_doors
Lair:1:   layout_loops_ring, hangedman_tree_tricks, minivault_23, uniq_grum
Lair:2:   layout_regular_city, palyth_hydra_swamp_entry, grunt_megastairs_5,
          serial_bayou_shore_a
Lair:3:   layout_chaotic_city, basic_altar, kennysheep_basilisk_garden,
          serial_bayou_shore_b, grunt_megastairs_2, uniq_sonja
Lair:4:   layout_loops_ring, guppyfry_snake_entry_island, gammafunk_ghost_arena,
          fungi_pond_lemuel, ldierk_geyser, lemuel_fruit_fields
Lair:5:   layout_misc_corridors, kennysheep_abandoned_house
Lair:6:   evilmike_catoblepas_cave, layout_gridlike,
          nicolae_slime_entry_slimehenge, minmay_lair_oklob_chamber
Orc:1:    layout_caves, serial_shops,
          nicolae_shop_temple_entry_statues_fountains, nicolae_orc_lava_room,
          uniq_harold

Skill      XL: |  1  2  3  4  5  6  7  8  9 10 11 12 13 14 |
---------------+-------------------------------------------+-----
Fighting       | 4 5 6 7 9 11 13 14 15 | 15.0
Long Blades    | 4 5 6 8 11 13 14 | 14.2
Dodging        | 3 4 5 6 7 8 9 |  9.0
Slings         | 2 3 5 6 7 8 9 |  9.2
Fire Magic     | 1 2 4 5 6 |  6.2
Spellcasting   | 1 2 4 5 6 |  6.3
Evocations     | 1 2 3 |  3.1
Maces & Flails | 2 |  2.4
Throwing       | |  0.1
Conjurations   | |  0.7

Action                   |  1- 3 |  4- 6 |  7- 9 | 10-12 | 13-15 || total
-------------------------+-------+-------+-------+-------+-------++-------
Melee: Falchion          |   107 |   147 |   124 |    13 |       ||   391
       Tailslap          |    11 |    17 |    23 |    62 |    50 ||   163
       Kick              |       |     6 |    38 |   129 |   118 ||   291
       Bite              |       |       |    14 |    42 |    49 ||   105
       Headbutt          |       |       |    24 |    89 |    89 ||   202
       Scimitar          |       |       |       |   397 |   268 ||   665
       Morningstar       |       |       |       |       |    48 ||    48
 Fire: Hunting sling     |       |    46 |   124 |   199 |    93 ||   462
Throw: Throwing net      |       |       |     1 |       |       ||     1
 Cast: Conjure Flame     |       |       |       |     9 |       ||     9
 Abil: Breathe Noxious F |       |       |    12 |    12 |     3 ||    27
Evoke: Wand              |       |       |    11 |    24 |     5 ||    40
       Lightning rod     |       |       |       |     4 |     2 ||     6
  Use: Scroll            |     3 |     3 |     7 |     3 |     5 ||    21
       Potion            |       |     4 |       |       |     2 ||     6
 Stab: Paralysed         |       |       |     4 |       |       ||     4
       Confused          |       |       |     3 |     8 |     1 ||    12
       Held in net/web   |       |       |     1 |       |       ||     1
       Distracted        |       |       |       |     2 |       ||     2
       Petrifying        |       |       |       |       |     1 ||     1
       Petrified         |       |       |       |       |     1 ||     1
Armor: Skin              |    40 |    87 |    69 |   162 |   134 ||   492
Dodge: Dodged            |    70 |   147 |   144 |   479 |   435 ||  1275
       Rpst.: Falchion   |    28 |    39 |    23 |     4 |       ||    94
       Scimitar          |       |       |       |    93 |    74 ||   167

Table legend: (Time is in decaauts)
 A = Elapsed time spent in this place.
 B = Non-inter-level travel time spent in this place.
 C = Inter-level travel time spent in this place.
 D = Time resting spent in this place.
 E = Time spent auto-exploring this place.
 F = Levels seen in this place.
 G = Mean time per level.
                   A        B        C        D        E       F      G
               +--------+--------+--------+--------+--------+-----+--------+
         Total |  17957 |  17382 |    575 |   3474 |  10546 |  18 |  997.6 |
       Dungeon |  12810 |  12342 |    468 |   2683 |   7675 |  11 | 1164.5 |
          Lair |   5143 |   5036 |    107 |    791 |   2870 |   6 |  857.2 |
  Orcish Mines |      3 |      3 |      0 |      0 |      0 |   1 |    3.0 |
               +--------+--------+--------+--------+--------+-----+--------+

Top non-repeatable levels by time:
     D:2: 1664 daAuts
     D:5: 1427 daAuts
     D:4: 1423 daAuts
     D:6: 1385 daAuts
     D:8: 1361 daAuts
  Lair:2: 1315 daAuts
     D:1: 1254 daAuts
     D:3: 1178 daAuts
    D:10: 1150 daAuts
     D:9: 1106 daAuts
  Lair:3: 1102 daAuts
  Lair:5: 1009 daAuts
     D:7: 809 daAuts
  Lair:4: 747 daAuts
  Lair:1: 694 daAuts
